 Dungeon Crawl Stone Soup version 0.29-a0-409-gd843f3a48c (webtiles) character file.

Game seed: 4113244736956480370

27712 zazu2006 the Covert (level 13, -12/80 HPs)
             Began as a Naga Hedge Wizard on May 14, 2022.
             Was an Elder of Vehumet.
             Mangled by a very large slime creature (56 damage)
             ... on level 13 of the Dungeon.
             The game lasted 01:10:02 (20306 turns).

zazu2006 the Covert (Naga Hedge Wizard)            Turns: 20306, Time: 01:10:03

Health: -12/80     AC: 15    Str: 20      XL:     13   Next: 34%
Magic:  14/20      EV:  9    Int: 18      God:    Vehumet [****..]
Gold:   1960       SH:  0    Dex:  8 (9)  Spells: 7/29 levels left

rFire   . . .      SeeInvis +   L - +4 falchion
rCold   . . .      Faith    .   T - orb {guile}
rNeg    . . .      Spirit   .   H - +1 robe of Compassion {Regen+ Int+2}
rPois   +          Reflect  .   (helmet restricted)
rElec   .          Harm     .   M - scarf {repulsion}
rCorr   .          Rampage  .   v - +0 pair of gloves
Will    .....                   m - +0 barding
Stlth   +++++.....              F - amulet of regeneration
HPRegen 1.83/turn               x - +6 ring of strength
MPRegen 0.17/turn               C - +4 ring of protection

@: repel missiles, unable to read, very slow
A: AC +4, large, see invisible, deformed body, poison resistance, slowness 2,
spit poison 2, naga tail 2, antennae 1, clumsy 1, deterioration 1, frail 3, low
MP 2, screaming 2, weak 1, inability to read while threatened, MP-powered wands,
devolution 1
a: Breathe Poison Gas, Renounce Religion


You were on level 13 of the Dungeon.
You worshipped Vehumet.
Vehumet was greatly pleased with you.
You visited 3 branches of the dungeon, and saw 15 of its levels.
You also visited: Bailey and Gauntlet.

You collected 2238 gold pieces.
You spent 278 gold pieces at shops.

Inventory:

Hand Weapons
 E - the +8 longbow of the Big Bang {freeze, rC+ Dex+4}
   (You found it in a Gauntlet)

   Any ammunition fired from it freezes those it strikes, dealing additional
   cold damage.
   It can also slow down cold-blooded creatures.
   Dex:       It affects your dexterity (+4).
   rC:        It protects you from cold.
 G - a +1 vorpal falchion
 L - a +4 falchion (weapon)
Missiles
 Q - a throwing net
Armour
 m - a +0 barding (worn)
 q - +0 acid dragon scales
 v - a +0 pair of gloves (worn)
 H - the +1 robe of Compassion (worn) {Regen+ Int+2}
   (You took it off a kobold on level 7 of the Dungeon)

   Int:       It affects your intelligence (+2).
   Regen:     It increases your rate of health regeneration.
 M - a scarf of repulsion (worn)
 T - an orb of guile (worn)
 X - a +0 buckler
Magical Staves
 Y - a staff of poison
Jewellery
 b - a +4 ring of slaying
 n - a ring of fire
 u - a ring of flight
 x - a +6 ring of strength (left hand)
 C - a +4 ring of protection (right hand)
 F - an amulet of regeneration (around neck)
 S - a +4 ring of protection
Wands
 g - a wand of charming (8)
 s - a wand of flame (2)
 B - a wand of digging (4)
 D - a wand of iceblast (3)
 O - a wand of polymorph (7)
 Z - a wand of paralysis (3)
Scrolls
 a - 2 scrolls of silence
 c - 3 scrolls of immolation {unknown}
 e - 11 scrolls of teleportation
 f - a scroll of magic mapping
 i - 6 scrolls of fear
 j - 4 scrolls of enchant armour
 o - 4 scrolls of fog
 p - 2 scrolls of summoning
 w - 3 scrolls of amnesia
 y - 2 scrolls of enchant weapon
 z - 5 scrolls of poison
 A - 3 scrolls of noise
 K - 2 scrolls of vulnerability
 P - 4 scrolls of blinking
Potions
 d - a potion of magic
 h - 3 potions of lignification
 k - 2 potions of flight
 l - a potion of haste
 r - 2 potions of curing
 t - 6 potions of heal wounds
 I - a potion of invisibility
 J - a potion of cancellation
 N - 3 potions of attraction
 W - a potion of brilliance


   Skills:
 + Level 7.3 Fighting
 + Level 10.4 Long Blades
 + Level 6.5 Dodging
 + Level 12.2 Stealth
 + Level 8.7 Spellcasting
 + Level 6.8 Conjurations
 + Level 0.4 Hexes
 + Level 1.0 Summonings
 + Level 2.2 Translocations
 + Level 1.5 Fire Magic
 + Level 4.9 Air Magic
 - Level 9.3 Poison Magic
 + Level 4.1 Evocations


You had 7 spell levels left.
You knew the following spells:

 Your Spells              Type           Power      Damage    Failure   Level
a - Magic Dart            Conj           100%       1d8       1%          1
b - Mephitic Cloud        Conj/Pois/Air  33%        N/A       1%          3
c - Conjure Flame         Conj/Fire      22%        6-21      1%          3
d - Blink                 Tloc           30%        N/A       5%          2
e - Dazzling Flash        Conj/Hex       42%        N/A       1%          3
f - Lightning Bolt        Conj/Air       14%        1d28      6%          5
g - Iskenderun's Battles  Conj           32%        2d8       4%          5

Your spell library contained the following spells:

 Spells                   Type           Power      Damage    Failure   Level
 Static Discharge         Conj/Air       29%        N/A       1%          2
 Corpse Rot               Necr/Air       32%        N/A       4%          2
 Summon Small Mammal      Summ           44%        N/A       6%          1
 Slow                     Hex            36%        N/A       8%          1
 Animate Skeleton         Necr           14%        N/A       9%          1
 Pain                     Necr           28%        1d5       9%          1
 Call Imp                 Summ           11%        N/A       9%          2
 Lesser Beckoning         Tloc           15%        N/A       11%         3
 Freezing Cloud           Conj/Ice/Air   10%        6-21      13%         5
 Call Canine Familiar     Summ           11%        N/A       19%         3
 Summon Guardian Golem    Hex/Summ       10%        N/A       21%         3
 Tukima's Dance           Hex            9%         N/A       22%         3
 Vampiric Draining        Necr           7%         2d6       26%         3
 Passage of Golubria      Tloc           15%        N/A       36%         4
 Yara's Violent Unravell  Hex/Tmut       4%         3d4       47%         5
 Cause Fear               Hex            4%         N/A       58%         4
 Summon Ice Beast         Ice/Summ       9%         N/A       58%         4
 Dispel Undead            Necr           7%         3d8       65%         4
 Manifold Assault         Tloc           15%        N/A       71%         5
 Summon Mana Viper        Hex/Summ       10%        N/A       88%         5
 Death Channel            Necr           3%         N/A       100%        6
 Simulacrum               Ice/Necr       3%         N/A       100%        6
 Dragon Form              Tmut           3%         N/A       100%        7
 Malign Gateway           Summ/Tloc      6%         N/A       100%        7
 Monstrous Menagerie      Summ           5%         N/A       100%        7
 Borgnjor's Revivificati  Necr           3%         N/A       100%        8
 Maxwell's Capacitive Co  Air            12%        ∞         100%        8
 Necromutation            Tmut/Necr      3%         N/A       100%        8
 Summon Horrible Things   Summ           5%         N/A       100%        8
 Death's Door             Necr           3%         N/A       100%        9
 Dragon's Call            Summ           5%         N/A       100%        9
 Polar Vortex             Ice            3%         N/A       100%        9


Dungeon Overview and Level Annotations

Branches:
Dungeon (13/15)            Temple (1/1) D:7            Lair (0/6) D:10
    Orc (1/2) D:11         Bailey (visited)         Gauntlet (visited)
 Vaults: D:13-14

Altars:
Ashenzari
Cheibriados
Dithmenos
Elyvilon
Fedhas
Gozag
Hepliaklqana
Kikubaaqudgha
Makhleb
Nemelex Xobeh
Okawaru
Qazlal
Ru
Sif Muna
Trog
Uskayaw
Vehumet
Wu Jian
Xom
Yredelemnul
Zin
The Shining One

Shops:
D:9 :   D:10 !   D:12 :   D:13 *


Innate Abilities, Weirdness & Mutations

Your serpentine skin is tough. (AC +4)
You have supernaturally acute eyesight. (SInv)
Armour fits poorly on your strangely shaped body.
Your system is resistant to poisons. (rPois)
You cover ground very slowly.
You can exhale a cloud of poison.
You can use your snake-like lower body to constrict enemies.
You have a pair of small antennae on your head.
You are clumsy. (Dex -2)
Your body sometimes deteriorates upon taking damage.
You are extremely frail. (-30% HP)
Your magical capacity is very low. (-20% MP)
You frequently scream uncontrollably at your foes.
You are weak. (Str -2)
You sometimes lose the ability to read scrolls when taking damage.
You expend magic power (3 MP) to strengthen your wands.
You have hidden genetic defects.


Message History

The slime creature is engulfed in blazing flames.
The slime creature hits you but does no damage.
Two slime creatures merge to form a large slime creature.
Unknown command.
You hit the large slime creature.
The large slime creature is heavily wounded.
The large slime creature is no longer covered in acid.
You hit the large slime creature.
The large slime creature is heavily wounded.
Two slime creatures merge to form a very large slime creature.
You barely miss the very large slime creature.
The very large slime creature is moderately wounded.
Unknown command.
You hit the very large slime creature.
The very large slime creature is moderately wounded.
Unknown command.
You hit the very large slime creature.
The very large slime creature is heavily wounded.
You slash the very large slime creature!
The very large slime creature is heavily wounded.
The very large slime creature is engulfed in blazing flames.
The very large slime creature hits you!!!
Ouch! That really hurt!
You hit the very large slime creature.
The very large slime creature is heavily wounded.
The very large slime creature is engulfed in blazing flames.
The very large slime creature hits you but does no damage.
You barely miss the very large slime creature.
The very large slime creature is severely wounded.
You hit the very large slime creature.
The very large slime creature is severely wounded.
The very large slime creature is engulfed in blazing flames.
The very large slime creature barely misses you.
You barely miss the very large slime creature.
The very large slime creature is severely wounded.
The very large slime creature is engulfed in blazing flames.
The very large slime creature hits you!!!
You feel threatened and lose the ability to read scrolls!
Ouch! That really hurt!
You die...

#........≈≈≈≈≈≈≈≈≈≈≈###.##
.......###≈≈≈≈≈≈≈≈≈....#.######
#..###.# ###.#................#
#..###.#####.##########..####.#
#............# #..# #.#
#.#.##.##.####### #..# #[#
..#.............# #..####[#
###..#.....####.#######..#.##.###
#..##.#..# #..@J...........))..
#..##.#..# #..#######..#.##.##.
#........###..#######..#.##.##.
##.##.##...............#.##.##.
##.##.######..#######.##.##.##.
###...#.# #..# #..........
........# #..# #.##.......
.##...### #..# #.#####.##.
.###.#########..# #.......##.


You could see a very large slime creature.

Vanquished Creatures
  Jorgrun (D:13)
  A minotaur (Gauntlet)
  Harold (D:9)
  2 hydras
  2 centaur warriors (D:13)
  Erolcha (D:9)
  3 two-headed ogres
  A wizard (Gauntlet)
  2 orc knights
  A shining eye (Gauntlet)
  2 cyclopes
  An orc sorcerer (Bailey)
  2 ugly things
  A manticore (D:13)
  A kobold demonologist (Bailey)
  4 trolls
  Grinder (D:4)
  2 hornets
  5 slime creatures
  Prince Ribbit (D:7)
  2 wraiths (D:11)
  4 vampires
  2 wyverns
  2 shadows (D:11)
  16 yaks (D:10)
  2 golden eyes (Gauntlet)
  A steam dragon (D:7)
  A vampire mosquito (D:12)
  Edmund (D:5)
  A hell hound (Gauntlet)
  A two-headed ogre zombie (D:11)
  2 water moccasins
  2 acid dragons
  16 orc warriors
  An ice beast (D:5)
  4 sky beasts
  5 ogres
  4 black bears
  8 centaurs
  2 phantoms
  4 kobold brigands
  8 bullfrogs
  A necrophage (D:7)
  A gnoll sergeant (D:7)
  7 scorpions
  9 wights
  9 killer bees
  8 electric eels
  11 howler monkeys
  A jelly (D:7)
  Crazy Yiuf (D:4)
  5 hounds
  A gnoll shaman (D:8)
  8 orc priests
  5 iguanas
  Natasha (thrice) (D:4)
  13 orc wizards
  7 ogre zombies (D:11)
  Robin (D:3)
  11 gnolls
  7 adders
  4 shadow imps
  4 white imps
  An ufetubus (D:7)
  A worm (D:2)
  63 orcs
  8 endoplasms
  5 giant cockroaches
  30 goblins
  10 hobgoblins
  3 jackals (D:3)
  3 quokkas
  7 ball pythons
  3 bats
  3 frilled lizards
  A goblin skeleton (D:11)
  4 goblin zombies (D:11)
  A hobgoblin skeleton (D:11)
  4 hobgoblin zombies (D:11)
  15 kobolds
  2 orc skeletons (D:11)
  12 orc zombies (D:11)
  6 rats
423 creatures vanquished.

Vanquished Creatures (collateral kills)
  A troll (D:13)
  A vampire mosquito (D:12)
  A wight (D:8)
  An orc priest (D:9)
  2 orcs (D:11)
  A hobgoblin zombie (D:11)
7 creatures vanquished.

Vanquished Creatures (others)
  3 vampire mosquitoes
  An orc warrior (D:11)
  A wight (D:7)
  An orc wizard (D:13)
  6 fungi
  10 plants
22 creatures vanquished.

Grand Total: 452 creatures vanquished

Notes
Turn   | Place    | Note
-------+----------+-------------------------------------------
     0 | D:1      | zazu2006 the Naga Hedge Wizard began the quest for the Orb.
     0 | D:1      | Reached XP level 1. HP: 15/15 MP: 4/4
     6 | D:1      | Noticed a minotaur zombie
    15 | D:1      | Noticed a merfolk zombie
    17 | D:1      | Noticed a minotaur zombie
   288 | D:1      | Reached XP level 2. HP: 22/22 MP: 3/6
   397 | D:1      | Found a faded altar of an unknown god.
  1803 | D:2      | Reached XP level 3. HP: 22/28 MP: 1/8
  1807 | D:2      | Learned a level 3 spell: Mephitic Cloud
  1811 | D:2      | Learned a level 3 spell: Conjure Flame
  1814 | D:2      | Learned a level 2 spell: Blink
  1881 | D:2      | Found a hazy altar of Hepliaklqana.
  2193 | D:3      | Reached XP level 4. HP: 36/36 MP: 5/10
  2499 | D:3      | Noticed a phantom
  2661 | D:3      | Noticed Robin
  2679 | D:3      | Killed Robin
  3200 | D:3      | Reached XP level 5. HP: 42/42 MP: 6/11
  3378 | D:3      | Killed a phantom
  3548 | D:4      | Noticed an ogre
  3703 | D:4      | Found a bloodstained altar of Trog.
  3767 | D:4      | Killed an ogre
  3768 | D:4      | Reached skill level 1 in Poison Magic
  3768 | D:4      | Reached XP level 6. HP: 42/50 MP: 2/13
  3820 | D:4      | Reached skill level 5 in Spellcasting
  3872 | D:4      | Reached skill level 1 in Evocations
  3933 | D:4      | Reached skill level 1 in Fighting
  4414 | D:4      | Noticed Natasha
  4415 | D:4      | Noticed Grinder
  4429 | D:4      | Killed Natasha
  4430 | D:4      | Reached XP level 7. HP: 24/57 MP: 12/14
  4697 | D:4      | Found a runed translucent door.
  4698 | D:4      | Noticed Crazy Yiuf
  4894 | D:4      | Noticed Natasha
  4909 | D:4      | Killed Natasha
  4910 | D:4      | Reached skill level 4 in Stealth
  5071 | D:4      | Paralysed by Grinder for 3 turns
  5083 | D:4      | Paralysed by Grinder for 2 turns
  5093 | D:4      | Killed Grinder
  5334 | D:4      | Noticed Natasha
  5341 | D:4      | Killed Natasha
  5402 | D:4      | Killed Crazy Yiuf
  5403 | D:4      | Reached skill level 1 in Air Magic
  5487 | D:5      | Entered Level 5 of the Dungeon
  5631 | D:5      | Reached XP level 8. HP: 66/66 MP: 13/16
  5736 | D:5      | Reached skill level 1 in Long Blades
  6105 | D:5      | Reached skill level 5 in Stealth
  6513 | D:5      | Noticed Edmund
  6526 | D:5      | Reached skill level 5 in Poison Magic
  6546 | D:5      | Killed Edmund
  6935 | D:5      | Reached XP level 9. HP: 74/74 MP: 14/17
  8598 | D:7      | Gained mutation: You have an increased reservoir of magic.
                  | (+10% MP) [potion of mutation]
  8598 | D:7      | Gained mutation: You are weak. (Str -2) [potion of
                  | mutation]
  8598 | D:7      | Gained mutation: You have hidden genetic defects. [potion
                  | of mutation]
  8598 | D:7      | Gained mutation: You passively dampen the noise of your
                  | surroundings. [potion of mutation]
  8716 | D:7      | Identified the +1 robe of Compassion {Regen+ Int+2}
  8747 | D:7      | Reached skill level 6 in Stealth
  8772 | D:7      | Found a staircase to the Ecumenical Temple.
  8844 | D:7      | Found a flagged portal.
  8863 | Bailey   | Entered a bailey
  9546 | Bailey   | Noticed a kobold demonologist
  9565 | Bailey   | Killed a kobold demonologist
  9571 | Bailey   | Gained mutation: You have terrible hidden genetic defects.
                  | [hidden defects]
  9848 | Bailey   | Reached skill level 7 in Stealth
  9890 | Bailey   | Gained mutation: You occasionally shout uncontrollably at
                  | your foes. [hidden defects]
  9890 | Bailey   | Lost mutation: You have terrible hidden genetic defects.
                  | [hidden defects expressed]
 10041 | Bailey   | Found an iron altar of Okawaru.
 10041 | Bailey   | Noticed an orc knight
 10041 | Bailey   | Noticed an orc sorcerer
 10045 | Bailey   | Noticed a hellwing
 10045 | Bailey   | Noticed a sixfirhy
 10045 | Bailey   | Gained mutation: You are clumsy. (Dex -2) [a neqoxec]
 10155 | Bailey   | Killed an orc knight
 10156 | Bailey   | Reached skill level 5 in Long Blades
 10156 | Bailey   | Reached XP level 10. HP: 50/84 MP: 8/21
 10169 | Bailey   | Lost mutation: You have an increased reservoir of magic.
                  | (+10% MP) [hidden defects]
 10170 | Bailey   | Killed an orc sorcerer
 10171 | Bailey   | Reached skill level 5 in Conjurations
 10317 | Bailey   | Identified the +9 shortbow of the Orange Skies {flame,
                  | Dex+6}
 10752 | Bailey   | Acquired 959 gold pieces
 10899 | D:7      | Noticed Prince Ribbit
 10907 | D:7      | Killed Prince Ribbit
 10970 | D:7      | Gained mutation: You are frail. (-10% HP) [hidden defects]
 10970 | D:7      | Lost mutation: You have hidden genetic defects. [hidden
                  | defects expressed]
 13053 | Temple   | Entered the Ecumenical Temple
 13506 | Temple   | Became a worshipper of Vehumet
 13595 | D:8      | Reached skill level 8 in Stealth
 13717 | D:8      | Reached XP level 11. HP: 83/83 MP: 13/21
 13904 | D:8      | Noticed a two-headed ogre
 13930 | D:8      | Killed a two-headed ogre
 14080 | D:8      | Reached * piety under Vehumet
 14080 | D:8      | Offered knowledge of Foxfire by Vehumet.
 14423 | D:9      | Noticed Erolcha
 14441 | D:9      | Killed Erolcha
 14442 | D:9      | Reached skill level 5 in Fighting
 14552 | D:9      | Reached skill level 5 in Dodging
 14579 | D:9      | Found a hide-covered altar of Uskayaw.
 14580 | D:9      | Noticed a +0 dagger
 14580 | D:9      | Noticed a +0 dagger
 14824 | D:9      | Found Yvyntena's Book Boutique.
 15311 | D:9      | Noticed Harold
 15337 | D:9      | Killed Harold
 15338 | D:9      | Reached skill level 9 in Stealth
 15414 | D:10     | Entered Level 10 of the Dungeon
 15414 | D:10     | Found Jowk's Distillery.
 15493 | D:10     | Bought a potion of curing for 33 gold pieces
 15855 | D:10     | Reached skill level 10 in Stealth
 15968 | D:10     | Reached ** piety under Vehumet
 15968 | D:10     | Offered knowledge of Shock by Vehumet.
 15975 | D:10     | Found a staircase to the Lair.
 16231 | D:10     | Reached XP level 12. HP: 92/92 MP: 20/23
 16635 | D:11     | Reached skill level 11 in Stealth
 16801 | D:11     | Offered knowledge of Ignite Poison by Vehumet.
 16905 | D:11     | Reached *** piety under Vehumet
 17098 | D:11     | Found a staircase to the Orcish Mines.
 17108 | D:11     | Offered knowledge of Dazzling Flash by Vehumet.
 17766 | Orc:1    | Entered Level 1 of the Orcish Mines
 17850 | Orc:1    | Noticed an ettin
 17922 | D:12     | Noticed a two-headed ogre
 17965 | D:12     | Noticed a two-headed ogre
 18020 | D:12     | Killed a two-headed ogre
 18264 | D:12     | Killed a two-headed ogre
 18264 | D:12     | Reached **** piety under Vehumet
 18269 | D:12     | Learned a level 3 spell: Dazzling Flash
 18275 | D:12     | Learned a level 5 spell: Lightning Bolt
 18532 | D:12     | Noticed an eight-headed hydra
 18542 | D:12     | Killed an eight-headed hydra
 18543 | D:12     | Reached skill level 1 in Fire Magic
 18649 | D:12     | Found Iri Opso's Book Boutique.
 18838 | D:13     | Found Foumei's Island Escapes.
 18842 | D:13     | Bought a ring of flight for 245 gold pieces
 18855 | D:13     | Noticed Jorgrun
 18865 | D:13     | Noticed a centaur warrior
 18872 | D:13     | Killed Jorgrun
 18872 | D:13     | Offered knowledge of Iskenderun's Battlesphere by Vehumet.
 18873 | D:13     | Gained mutation: You can use your snake-like lower body to
                  | constrict enemies. [Naga growth]
 18873 | D:13     | Reached XP level 13. HP: 83/102 MP: 22/25
 18905 | D:13     | Found a gate leading to a gauntlet.
 18912 | Gauntlet | Entered a Gauntlet
 18912 | Gauntlet | Found a transporter.
 18912 | Gauntlet | Found a transporter.
 18912 | Gauntlet | Found a transporter.
 18913 | Gauntlet | Found a transporter.
 18914 | Gauntlet | Found a transporter.
 18917 | Gauntlet | Found a transporter.
 18924 | Gauntlet | Found a transporter.
 18926 | Gauntlet | Found a transporter.
 18928 | Gauntlet | Found a transporter.
 18929 | Gauntlet | Found a transporter.
 18932 | Gauntlet | Noticed a balrug
 18933 | Gauntlet | Noticed a green death
 18936 | Gauntlet | Found a transporter.
 18936 | Gauntlet | Found a transporter.
 19029 | Gauntlet | Found a runed translucent door.
 19193 | Gauntlet | Gained mutation: You have hidden genetic defects. [a
                  | shining eye]
 19199 | Gauntlet | Gained mutation: Your magical capacity is low. (-10% MP) [a
                  | shining eye]
 19205 | Gauntlet | Gained mutation: Your magical capacity is very low. (-20%
                  | MP) [a shining eye]
 19216 | Gauntlet | Gained mutation: Your body sometimes deteriorates upon
                  | taking damage. [a shining eye]
 19218 | Gauntlet | Gained mutation: You are very frail. (-20% HP) [a shining
                  | eye]
 19225 | Gauntlet | Gained mutation: You sometimes lose the ability to read
                  | scrolls when taking damage. [a shining eye]
 19231 | Gauntlet | Gained mutation: You are extremely frail. (-30% HP) [a
                  | shining eye]
 19240 | Gauntlet | Gained mutation: You tend to lose your temper in combat. [a
                  | shining eye]
 19248 | Gauntlet | Gained mutation: You can exhale a cloud of poison. [a
                  | shining eye]
 19249 | Gauntlet | Gained mutation: Your body often deteriorates upon taking
                  | damage. [a shining eye]
 19316 | Gauntlet | Got A Thorough Guide to Secret Knowledge
 19317 | Gauntlet | Lost mutation: Your body often deteriorates upon taking
                  | damage. [potion of mutation]
 19317 | Gauntlet | Lost mutation: You passively dampen the noise of your
                  | surroundings. [potion of mutation]
 19317 | Gauntlet | Gained mutation: You have a pair of small antennae on your
                  | head. [potion of mutation]
 19317 | Gauntlet | Lost mutation: You tend to lose your temper in combat.
                  | [potion of mutation]
 19317 | Gauntlet | Gained mutation: You expend magic power (3 MP) to
                  | strengthen your wands. [potion of mutation]
 19342 | Gauntlet | Reached skill level 10 in Long Blades
 19410 | Gauntlet | Noticed a minotaur
 19422 | Gauntlet | Killed a minotaur
 19423 | Gauntlet | Reached skill level 12 in Stealth
 19439 | Gauntlet | Identified the +5 helmet of the Hall of Blades {rPois rCorr
                  | Dex-2 Stlth-}
 19439 | Gauntlet | Identified the +8 longbow of the Big Bang {freeze, rC+
                  | Dex+4}
 19987 | D:13     | Gained mutation: You frequently scream uncontrollably at
                  | your foes. [hidden defects]
 20107 | D:13     | HP: 2/80 [very large slime creature (45)]
 20163 | D:13     | Learned a level 5 spell: Iskenderun's Battlesphere
 20306 | D:13     | Mangled by a very large slime creature

Illustrated notes

Levels and vault maps discovered:
D:1:      shiori_arrival_whats_in_store_for_you, layout_basic,
          hellmonk_ecumenical_altar_leap_of_faith
D:2:      layout_rooms, basic_altar
D:3:      layout_rooms, roderic_lattice_a, uniq_robin
D:4:      layout_loops_cross, mainiacjoe_overflow_surrounded_room,
          serial_forest, infiniplex_forest_diagonal, infiniplex_forest_end_1,
          infiniplex_forest_corner_1, infiniplex_forest_clump_small,
          infiniplex_forest_clump_tiny, uniq_crazy_yiuf_cottage, uniq_natasha,
          uniq_grinder
D:5:      layout_basic, serial_curves, eino_curves_04, eino_curves_03,
          grunt_tough_drop, uniq_edmund
D:6:      layout_layer_cave
D:7:      layout_loops_corners, minmay_temple_entry_waves, serial_bayou,
          serial_bayou_pond_a, serial_bayou_ford_a, serial_bayou_pond_d,
          serial_bayou_pond_b, enter_bailey_2, nzn_random_ring,
          uniq_prince_ribbit1
D:8:      layout_cave_pools, minmay_misc_feat_room
D:9:      layout_basic, dancing_weapons_uskayaw, serial_shops, shop,
          nicolae_figureground_sparkle, uniq_erolcha, uniq_harold
D:10:     layout_roguey, grunt_lair_entry_orc_guard_hut, nicolae_stop_n_shop_2
D:11:     layout_roguey [special_room_orc], zombieorc2_lemuel
D:12:     layout_cave_pools, serial_shops, kennysheep_mini
D:13:     layout_loops_ring, gauntlet_entry_generic, nicolae_island_escapes,
          uniq_jorgrun
Temple:   mainiacjoe_temple_big_plus
Orc:1:    layout_caves, basic_altar

Skill      XL: |  1  2  3  4  5  6  7  8  9 10 11 12 13 |
---------------+----------------------------------------+-----
Spellcasting   | 4 5 6 7 8 |  8.7
Dodging        | 2 3 4 5 6 |  6.5
Conjurations   | 3 4 5 6 |  6.8
Poison Magic   | 1 2 3 5 7 9 |  9.3
Evocations     | 1 2 3 4 |  4.1
Fighting       | 1 2 3 4 5 6 7 |  7.3
Stealth        | 4 5 7 8 10 11 12 | 12.2
Air Magic      | 1 2 3 4 |  4.9
Long Blades    | 2 5 6 8 9 10 | 10.4
Translocations | 2 |  2.2
Fire Magic     | 1 |  1.5
Hexes          | |  0.4
Summonings     | |  1.0

Action                   |  1- 3 |  4- 6 |  7- 9 | 10-12 | 13-15 || total
-------------------------+-------+-------+-------+-------+-------++-------
Melee: Dagger            |    14 |    41 |       |       |       ||    55
       Long sword        |       |     8 |    77 |       |       ||    85
       Falchion          |       |       |   167 |  1064 |   129 ||  1360
       Punch             |       |       |     5 |    15 |       ||    20
       Short sword       |       |       |       |    19 |       ||    19
       Constrict         |       |       |       |       |    18 ||    18
 Cast: Magic Dart        |    67 |   107 |   133 |   102 |     2 ||   411
       Mephitic Cloud    |       |     3 |    33 |    95 |     9 ||   140
       Blink             |       |       |     3 |     6 |     2 ||    11
       Conjure Flame     |       |       |     2 |    26 |     7 ||    35
       Lightning Bolt    |       |       |       |     1 |       ||     1
       Dazzling Flash    |       |       |       |     1 |       ||     1
 Abil: Spit Poison       |    18 |    26 |    27 |    53 |     1 ||   125
       Breathe Poison Ga |       |       |       |       |     1 ||     1
Evoke: Wand              |       |    13 |    17 |    36 |     8 ||    74
  Use: Scroll            |       |     1 |     4 |    14 |     1 ||    20
       Potion            |       |       |     6 |     5 |     3 ||    14
 Stab: Confused          |       |     1 |    14 |    40 |     4 ||    59
       Sleeping          |       |     1 |     1 |    12 |       ||    14
       Paralysed         |       |       |       |    16 |       ||    16
       Distracted        |       |       |       |     1 |       ||     1
Armor: Robe              |     1 |    42 |   138 |   554 |    64 ||   799
       Skin              |       |       |    12 |       |       ||    12
Dodge: Dodged            |    12 |    37 |    89 |   445 |    47 ||   630
       Repelled          |       |       |       |     3 |       ||     3

Table legend: (Time is in decaauts)
 A = Elapsed time spent in this place.
 B = Non-inter-level travel time spent in this place.
 C = Inter-level travel time spent in this place.
 D = Time resting spent in this place.
 E = Time spent auto-exploring this place.
 F = Levels seen in this place.
 G = Mean time per level.
                   A        B        C        D        E       F      G
               +--------+--------+--------+--------+--------+-----+--------+
         Total |  24489 |  23765 |    724 |   1674 |  16191 |  17 | 1440.5 |
       Dungeon |  20556 |  19973 |    583 |    944 |  14378 |  13 | 1581.2 |
        Temple |    679 |    539 |    140 |      0 |    532 |   1 |  679.0 |
  Orcish Mines |    147 |    147 |      0 |      0 |     34 |   1 |  147.0 |
        Bailey |   2272 |   2272 |      0 |    725 |    985 |   1 | 2272.0 |
      Gauntlet |    832 |    832 |      0 |      5 |    260 |   1 |  832.0 |
               +--------+--------+--------+--------+--------+-----+--------+

Top non-repeatable levels by time:
     D:7: 3015 daAuts
  Bailey: 2272 daAuts
     D:4: 2248 daAuts
     D:5: 2203 daAuts
     D:3: 1610 daAuts
    D:11: 1605 daAuts
     D:6: 1602 daAuts
     D:1: 1541 daAuts
    D:10: 1285 daAuts
     D:9: 1247 daAuts
    D:13: 1129 daAuts
     D:8: 1044 daAuts
     D:2: 1027 daAuts
    D:12: 995 daAuts
Gauntlet: 832 daAuts
